 Seeded DCSS version 0.30.1-3-gfc49f6343a (webtiles) character file.

Game seed: 4216842840790694857 (custom seed)

2243 CInkIbrahim the Skirmisher (level 9, -23/61 HPs)
             Began as a Vampire Hunter on July 20, 2023.
             Was an Initiate of Makhleb.
             Annihilated by a komodo dragon (29 damage)
             ... on level 7 of the Dungeon.
             The game lasted 00:09:07 (5344 turns).

CInkIbrahim the Skirmisher (Vampire Hunter)         Turns: 5344, Time: 00:09:08

Health: -23/61     AC: 11    Str: 13    XL:     9   Next: 14%
Magic:  9/9        EV: 11    Int: 12    God:    Makhleb [......]
Gold:   419        SH:  0    Dex: 21    Spells: 8/8 levels left

rFire   . . .        a - +8 sling of Grandeur {heavy, rPois Str+3}
rCold   . . .        (no shield)
rNeg    . . .        s - +3 ring mail
rPois   +            B - +0 helmet
rElec   .            m - +1 cloak
rCorr   .            (no gloves)
SInv    +            (no boots)
Will    .....        (no amulet)
Stlth   ++           k - ring of flight
HPRegen 0.50/turn    A - ring of wizardry
MPRegen 0.11/turn

%: wizardry (x1)
@: flying, healing quickly
A: alive, fangs 3, see invisible, vampiric 2
a: Exsanguinate, Renounce Religion


You were on level 7 of the Dungeon.
You worshipped Makhleb.
Makhleb was noncommittal.
You visited 1 branch of the dungeon, and saw 7 of its levels.
You also visited: Sewer.

You collected 419 gold pieces.

Inventory:

Hand Weapons
 a - the +8 sling of Grandeur (weapon) {heavy, rPois Str+3}
   (You found it on level 2 of the Dungeon)

   Str:       It affects your strength (+3).
   rPois:     It protects you from poison.
 b - a +0 shortbow of flaming
Armour
 m - a +1 cloak (worn)
 s - a +3 ring mail (worn)
 t - a +1 leather armour of cold resistance
 u - a +0 buckler
 B - a +0 helmet (worn)
Jewellery
 k - a ring of flight (left hand)
 A - a ring of wizardry (right hand)
 C - a ring of protection from fire
Wands
 x - a wand of roots (13)
Scrolls
 c - a scroll of magic mapping {unknown}
 e - 2 scrolls of poison
 h - 3 scrolls of teleportation
 n - a scroll of amnesia
 p - 2 scrolls of brand weapon
 r - 2 scrolls of immolation
 v - 2 scrolls of fog
 y - a scroll of fear
Potions
 d - 3 potions of haste {unknown}
 f - a potion of cancellation {unknown}
 g - 3 potions of brilliance
 i - a potion of heal wounds
 j - a potion of resistance {unknown}
 l - 5 potions of lignification {unknown}
 o - 4 potions of curing
 q - 2 potions of mutation
 w - a potion of flight {unknown}
 z - a potion of attraction {unknown}
 D - 2 potions of might {unknown}


   Skills:
 - Level 1.7 Fighting
 + Level 10.8 Ranged Weapons
 - Level 2.1 Dodging
 - Level 1.5 Stealth


You had 8 spell levels left.
You didn't know any spells.
Your spell library contained the following spells:

 Spells                   Type           Power      Damage    Failure   Level
 Lesser Beckoning         Tloc           0%         N/A       38%         2
 Call Canine Familiar     Summ           0%         N/A       61%         3
 Frozen Ramparts          Ice            0%         1d1       61%         3
 Gell's Gravitas          Tloc           0%         N/A       61%         3
 Portal Projectile        Hex/Tloc       0%         N/A       61%         3
 Teleport Other           Tloc           0%         N/A       61%         3
 Ice Form                 Ice/Tmut       0%         N/A       94%         4
 Leda's Liquefaction      Hex/Erth       0%         N/A       94%         4
 Summon Ice Beast         Ice/Summ       0%         N/A       94%         4


Dungeon Overview and Level Annotations

Branches:
Dungeon (7/15)              Sewer (visited)
 Temple: D:4-7

Altars:
Makhleb
Nemelex Xobeh
Wu Jian

Shops:
D:2 (


Innate Abilities, Weirdness & Mutations

Your natural rate of healing is accelerated.
You have razor-sharp teeth.
You have supernaturally acute eyesight. (SInv)
You are afflicted with vampirism and can become a bat while bloodless.


Message History

The iguana hisses menacingly.
The komodo dragon barely misses you.
As you read the scroll of fear, it crumbles to dust.
You assume a fearsome visage.
The frilled lizard looks frightened!
The iguana looks frightened!
The komodo dragon looks frightened!
The frilled lizard looks frightened!
The iguana looks frightened!
You shoot a sling bullet.
The sling bullet hits the komodo dragon.
Your attack snaps the komodo dragon out of its fear.
The komodo dragon is heavily wounded.
You shoot a sling bullet.
The sling bullet hits the komodo dragon.
The komodo dragon is severely wounded.
The komodo dragon bites you!!
You are too injured to fight recklessly!
You are too injured to fight recklessly!
You are too injured to fight recklessly!
Fire: a) +8 sling of Grandeur {heavy, rPois Str+3}
Press: ? - help, Q - select action, (/) - cycle Shift-Dir - straight line, f/p - komodo dragon
Aim: a komodo dragon (severely wounded, 77% to hit)
You shoot a sling bullet.
The sling bullet closely misses the komodo dragon.
The komodo dragon bites you!!
* * * LOW HITPOINT WARNING * * *
The komodo dragon misses you.
Fire: a) +8 sling of Grandeur {heavy, rPois Str+3}
Press: ? - help, Q - select action, (/) - cycle Shift-Dir - straight line, f/p - komodo dragon
Aim: a komodo dragon (severely wounded, 77% to hit)
You shoot a sling bullet.
The sling bullet hits the komodo dragon!
The komodo dragon is almost dead.
The komodo dragon bites you but does no damage.
The komodo dragon closely misses you.
Fire: a) +8 sling of Grandeur {heavy, rPois Str+3}
Press: ? - help, Q - select action, (/) - cycle Shift-Dir - straight line, f/p - komodo dragon
Aim: a komodo dragon (almost dead, 77% to hit)
You shoot a sling bullet.
The sling bullet barely misses the komodo dragon.
The komodo dragon bites you!!
You die... ...<....## .......... #.# #.......## #.# #.......# #.# #.#.###.# #.# ##### ....# .# #.# ...P## #.#.###.#.#.. #.# #llll..

........#.#..#####.##lllP.
###..##.........@ll.#PlPl
........###..#####†.#l.#
........# #.. ##†#.#
###..##.###..#####.#..#
###..##...........###.......
.....# ###.#...###.# ##.###.
####.# #.###.# #.# # ##.##
#.###.### .# ##.#.##
#.#.....# #


You could see a komodo dragon and a frilled lizard.

Vanquished Creatures
  Grinder (D:5)
  A shadow (D:5)
  An orc warrior (D:5)
  2 ice beasts
  A black bear (D:5)
  2 ogres (D:4)
  A centaur (D:6)
  2 phantoms
  2 bullfrogs
  3 scorpions
  A gnoll sergeant (D:5)
  A howler monkey (D:5)
  4 hounds
  3 orc priests
  4 iguanas
  4 orc wizards
  Ijyb (D:5)
  A sleepcap (D:4)
  3 gnolls (D:5)
  2 river rats (Sewer)
  8 adders
  An ufetubus (D:5)
  2 worms
  2 dart slugs
  22 orcs
  5 bats
  8 endoplasms
  6 giant cockroaches
  12 goblins
  8 hobgoblins
  3 jackals (D:3)
  10 kobolds
  7 quokkas
  11 ball pythons
  10 frilled lizards
  16 rats
171 creatures vanquished.

Notes
Turn   | Place    | Note
-------+----------+-------------------------------------------
     0 | D:1      | CInkIbrahim the Vampire Hunter began the quest for the Orb.
     0 | D:1      | Reached XP level 1. HP: 16/16 MP: 1/1
   204 | D:1      | Reached XP level 2. HP: 22/22 MP: 2/2
   379 | D:1      | Found a faded altar of an unknown god.
   394 | D:1      | Reached skill level 4 in Ranged Weapons
   807 | D:2      | Gained mutation: You are afflicted with vampirism and can
                  | become a bat while bloodless. [Vampire growth]
   807 | D:2      | Reached XP level 3. HP: 27/27 MP: 3/3
   893 | D:2      | Found Sedigy's Weapon Boutique.
  1098 | D:2      | Identified the +8 sling of Grandeur {heavy, rPois Str+3}
  1206 | D:2      | Reached XP level 4. HP: 21/33 MP: 4/4
  1705 | D:3      | Reached skill level 5 in Ranged Weapons
  1714 | D:3      | Reached XP level 5. HP: 11/38 MP: 5/5
  2288 | D:3      | Found a sparkling altar of Nemelex Xobeh.
  2779 | D:4      | Reached skill level 6 in Ranged Weapons
  2825 | D:4      | Reached XP level 6. HP: 44/44 MP: 6/6
  3083 | D:4      | Reached skill level 7 in Ranged Weapons
  3100 | D:4      | Noticed an ice beast
  3104 | D:4      | Reached XP level 7. HP: 43/49 MP: 7/7
  3328 | D:4      | Reached skill level 8 in Ranged Weapons
  3681 | D:5      | Entered Level 5 of the Dungeon
  3694 | D:5      | Noticed Ijyb
  3697 | D:5      | Killed Ijyb
  3793 | D:5      | Reached XP level 8. HP: 24/55 MP: 8/8
  3893 | D:5      | Reached skill level 9 in Ranged Weapons
  3912 | D:5      | Noticed Grinder
  3918 | D:5      | Killed Grinder
  3935 | D:5      | Found a glowing drain.
  3953 | Sewer    | Entered a sewer
  4471 | D:5      | Found a burning altar of Makhleb.
  4495 | D:5      | Reached skill level 10 in Ranged Weapons
  4601 | D:5      | Became a worshipper of Makhleb the Destroyer
  4815 | D:6      | Found an ornate altar of the Wu Jian Council.
  4828 | D:6      | Reached XP level 9. HP: 61/61 MP: 9/9
  4930 | D:6      | Identified the +3 ring mail of Zantan {Str-4 Int+4}
  5312 | D:7      | Noticed a komodo dragon
  5344 | D:7      | Annihilated by a komodo dragon

Illustrated notes

Levels and vault maps discovered:
D:1:      heliophobic_arrival_enchanted_forest, layout_basic,
          ebering_ecumenical_altar_hall, minmay_quantized
D:2:      layout_loops_ring, serial_shops, nicolae_shop_real_fake_doors,
          minmay_hexomino_c4
D:3:      layout_rooms, nemelex_diamond_rough_becter, chequers_jeans,
          dreamdust_princess_bridge, hex_medium, minmay_parallelograms,
          kennysheep_doodads
D:4:      cheibrodos_barr_body, layout_rooms, serial_co_window_serial,
          co_window_corner_a, co_window_paths_b, co_window_paths_a,
          co_window_of_opportunity_a, co_window_paths_b, co_window_2corner,
          co_window_corner_ca, co_window_corner_b, co_window_broadway_a,
          co_window_corner_ca, co_window_unsneaky_path_a, co_window_paths_c,
          co_window_paths_d, glass_columns_a, glass_columns_a, glass_columns_c,
          glass_columns_a, minmay_goblin_outpost
D:5:      layout_rooms, makhleb_heckhound_becter, portal_sewer_entry_f,
          guppyfry_early_orc_mine, uniq_ijyb, uniq_grinder
D:6:      layout_cave_pools, mainiacjoe_overflow_concentric_impassable,
          serial_park_tiny_pond, small_statue_intersection,
          chequers_serial_rivers_large_a
D:7:      layout_loops_ring, minmay_temple_entry_ruins, minmay_lizard_king,
          uniq_prince_ribbit1

Skill      XL: |  1  2  3  4  5  6  7  8 |
---------------+-------------------------+-----
Ranged Weapons | 4 5 6 7 8 10 | 10.8
Fighting       | |  1.7
Dodging        | |  2.1
Stealth        | |  1.5

Action                     |  1- 3 |  4- 6 |  7- 9 || total
---------------------------+-------+-------+-------++-------
   Fire: Shortbow          |   115 |     3 |       ||   118
         Sling             |       |    96 |   175 ||   271
    Use: Scroll            |       |       |    12 ||    12
         Potion            |       |       |     4 ||     4
 Armour: Leather armour    |     5 |       |       ||     5
         Ring mail         |       |    21 |    44 ||    65
  Dodge: Dodged            |    24 |    32 |    53 ||   109
